 Dungeon Crawl Stone Soup version 0.19.4 (webtiles) character file.

25 LORDOFBUTT the Sneak (level 2, -1/13 HPs)
             Began as a Spriggan Enchanter on Feb 4, 2017.
             Slain by an adder (2 damage)
             ... on level 2 of the Dungeon.
             The game lasted 00:01:23 (1135 turns).

LORDOFBUTT the Sneak (Spriggan Enchanter)           Turns: 1135, Time: 00:01:24

Health: -1/13      AC:  3    Str:  4    XL:     2   Next: 82%
Magic:  3/6        EV: 18    Int: 16    God:
Gold:   38         SH:  0    Dex: 16    Spells: 2 memorised, 3 levels left

rFire  . . .     SeeInvis +     a - +1 dagger
rCold  . . .     Gourm    .     b - +1 robe
rNeg   . . .     Faith    .     (shield restricted)
rPois  .         Spirit   .     (helmet restricted)
rElec  .         Reflect  .     (no cloak)
rCorr  .         Harm     .     (gloves unavailable)
MR     .....                    (boots unavailable)
Stlth  +++.......               (no amulet)
                                (no ring)
                                (no ring)

@: very quick
A: unfitting armour, see invisible, herbivore 3, speed 3, slow metabolism 2
a: no special abilities


You were on level 2 of the Dungeon.
You were not hungry.

You visited 1 branch of the dungeon, and saw 2 of its levels.

You collected 38 gold pieces.

Inventory:

Hand Weapons
 a - a +1 dagger (weapon)
Armour
 b - a +1 robe (worn)
Potions
 f - 3 potions of curing {unknown}
 h - a potion of mutation {unknown}
 j - a potion of haste {unknown}
Books
 c - a book of Maledictions

   Spells                             Type                      Level
   a - Corona                         Hexes                        1
   b - Ensorcelled Hibernation        Hexes/Ice                    2
   c - Confuse                        Hexes                        3
   d - Tukima's Dance                 Hexes                        3
   e - Dazzling Spray                 Conjuration/Hexes            3
Comestibles
 d - a bread ration
 i - 8 fruits


   Skills:
 + Level 1.5 Short Blades
 + Level 3.3 Dodging
 + Level 5.2 Stealth
 + Level 2.6 Spellcasting
 + Level 4.1 Hexes


You had 3 spell levels left.
You knew the following spells:

 Your Spells              Type           Power        Failure   Level  Hunger
a - Corona                Hex            ###....      4%          1    #......
b - Ensorcelled Hibernat  Hex/Ice        #.....       14%         2    ##.....


Dungeon Overview and Level Annotations

Branches:
Dungeon (2/15)

Altars:
Ashenzari


Innate Abilities, Weirdness & Mutations

You are very small and have problems with some larger weapons.
You are too small for most types of armour.
You have supernaturally acute eyesight. (SInv)
You are a herbivore.
You cover ground extremely quickly.
You need consume almost no food.


Message History

You hit the adder but do no damage.
The adder is severely wounded.
The adder closely misses you.
You hit the adder but do no damage.
The adder is severely wounded.
The adder barely misses you.
You hit the adder but do no damage.
The adder is severely wounded.
The adder closely misses you. The adder completely misses you.
You miss the adder.
The adder is severely wounded.
The adder bites you.
* * * LOW HITPOINT WARNING * * *
You hit the adder but do no damage.
The adder is severely wounded.
The adder closely misses you.
You barely miss the adder.
The adder is heavily wounded.
The adder bites you.
You die...

#..........#..†.## ###.
#...#......#.#...#. #...
....#.#..............#
#.##
......_...#...##......#
#.#
####.#.#.............##
#.# .#..........#...##
#S## #
########.#....########.##
#S####............ #@#
#########.## #.#
#........## #..#
#.###....## ##.#
###..#.##..##
...#..........#).
#...#...##...#...
#.#..#..##..#....
#.....#....#....#
##....#..#.....#


You could see an adder.

Vanquished Creatures
  2 dart slugs (D:1)
  A leopard gecko (D:1)
  4 bats
  2 giant cockroaches (D:1)
  2 hobgoblins
  2 jackals (D:2)
  A goblin (D:1)
  3 kobolds
  2 rats
19 creatures vanquished.

Notes
Turn   | Place    | Note
-------+----------+-------------------------------------------
     0 | D:1      | LORDOFBUTT the Spriggan Enchanter began the quest for the Orb.
     0 | D:1      | Reached XP level 1. HP: 9/9 MP: 5/5
   369 | D:1      | Reached XP level 2. HP: 13/13 MP: 6/6
   871 | D:2      | Found a shattered altar of Ashenzari.
   882 | D:2      | Reached skill level 5 in Stealth
   905 | D:2      | Found a faded altar of an unknown god.
  1055 | D:2      | Learned a level 2 spell: Ensorcelled Hibernation
  1135 | D:2      | Slain by an adder

Skill      XL: |  1  2 |
---------------+-------+-----
Hexes          | 4 |  4.1
Stealth        | 5 |  5.2
Short Blades   | |  1.5
Dodging        | |  3.3
Spellcasting   | |  2.6

Action                   || total
-------------------------++-------
Melee: Dagger            ||    91
 Cast: Ensorcelled Hiber ||     4
  Use: Scroll            ||     2
 Stab: Sleeping          ||     8
Armor: Robe              ||    18
Dodge: Dodged            ||    94
